Map: Orbital Shipyard

Players

action

  • Race: Zerg Zerg
  • League: Gold

LilDicky - Winner!

  • Race: Terran Terran
  • League: Diamond

VOD

http://www.twitch.tv/tumescentpie

Description

Time

  • Played on: Dec. 30, 2015, 10:22 p.m.
  • Length: 17:56
Show
View Real Time Build Order
Export as new Build Order

action Zerg 

Build Orders: Hatch First 

Get SALT Encoding   

  12  0:01  Drone  
  13  0:08  Drone  
  14  0:17  Overlord  
  14  0:28  Extractor  
  14  0:29  Drone x2, Extractor  
  16  0:40  Drone  
  17  0:45  Drone  
  18  0:58  Hatchery  
  18  1:01  Drone  
  18  1:13  Extractor  
  18  1:15  Spawning Pool  
  16  1:19  Drone  
  16  1:23  Drone  
  18  1:27  Drone  
  19  1:42  Overlord  
  19  1:49  Drone  
  20  2:00  Drone  
  21  2:02  Queen  
  23  2:09  Drone  
  23  2:10  Queen  
  23  2:11  Drone  
  23  2:14  Metabolic Boost  
  27  2:21  Drone x2  
  29  2:31  Overlord  
  29  2:34  Drone  
  30  2:42  Drone x2  
  32  2:55  Drone x2  
  34  3:01  Baneling Nest  
  34  3:04  Drone  
  34  3:14  Drone  
  34  3:16  Drone x3  
  34  3:17  Drone  
  39  3:20  Hatchery  
  39  3:22  Zergling x6  
  39  3:23  Zergling x2  
  42  3:32  Drone  
  43  3:41  Extractor  
  42  3:42  Lair, Extractor  
  42  3:45  Evolution Chamber  
  42  3:47  Evolution Chamber  
  39  3:48  Roach Warren  
  38  3:59  Drone x5  
  38  4:00  Drone  
  38  4:01  Overlord  
  44  4:07  Overlord  
  44  4:28  Zerg Missile Weapons Level 1, Zerg Ground Armor Level 1  
  44  4:32  Drone x2  
  44  4:33  Drone x4  
  44  4:34  Queen  
  44  4:37  Drone x2  
  54  4:53  Drone  
  54  4:54  Zergling x2  
  54  4:55  Zergling x16  
  54  4:58  Glial Reconstitution  
  64  5:04  Centrifical Hooks  
  64  5:07  Drone x2  
  64  5:09  Overlord  
  64  5:11  Overlord  
  66  5:15  Overlord  
  65  5:28  Drone x5  
  70  5:31  Extractor  
  70  5:32  Spore Crawler  
  70  5:33  Extractor  
  67  5:35  Spore Crawler  
  67  5:37  Spore Crawler  
  58  6:02  Baneling x6  
  58  6:03  Zergling x8  
  58  6:04  Zergling x12  
  68  6:09  Drone x4  
  68  6:10  Drone x3  
  75  6:17  Extractor  
  74  6:20  Drone x3  
  74  6:21  Drone  
  78  6:26  Baneling  
  78  6:27  Baneling x3  
  78  6:38  Drone  
  79  6:42  Overlord x3  
  79  6:43  Overlord x4  
  79  6:46  Pneumatized Carapace  
  79  6:48  Hatchery, Burrow  
  63  7:15  Roach  
  65  7:16  Roach x14  
  93  7:23  Zerg Ground Armor Level 2, Zerg Missile Weapons Level 2  
  93  7:28  Infestation Pit  
  92  7:40  Queen  
  92  7:42  Overlord  
  92  7:43  Overlord  
  94  7:45  Roach x6  
  94  7:46  Roach  
  108  7:55  Overlord  
  108  7:57  Zergling x14  
  115  8:03  Queen  
  117  8:13  Spire  
  116  8:36  Baneling x14  
  116  8:47  Roach x12  
  116  8:48  Roach x4  
  148  8:52  Overseer  
  148  9:06  Roach x22  
  148  9:07  Overseer  
  148  9:10  Drone  
  148  9:11  Drone x4, Baneling x14  
  148  9:15  Hive  
  153  9:21  Spine Crawler  
  153  9:22  Spine Crawler  
  153  9:23  Spine Crawler  
  87  10:05  Extractor  
  66  10:07  Extractor  
  66  10:09  Zerg Flyer Weapons Level 1  
  66  10:11  Zergling x2  
  66  10:12  Zergling x42  
  66  10:13  Zergling x8  
  91  10:28  Spore Crawler  
  88  10:39  Mutalisk  
  88  10:40  Mutalisk x10  
  88  10:42  Mutalisk  
  105  11:17  Overseer  
  102  11:55  Mutalisk  
  102  11:56  Mutalisk, Roach  
  102  11:57  Mutalisk x4  
  106  12:14  Greater Spire  
  106  12:18  Zerg Ground Armor Level 3, Zerg Missile Weapons Level 3  
  106  12:25  Hydralisk Den  
  105  12:31  Hatchery  
  104  12:52  Roach x10  
  104  12:53  Roach x5  
  114  13:21  Spore Crawler  
  114  13:22  Spore Crawler  
  114  13:23  Hydralisk x12  
  134  13:52  Hydralisk x6  
  134  13:54  Hydralisk x4  
  134  13:55  Overlord x6, Roach x3  
  146  13:57  Hatchery  
  146  13:59  Roach x13  
  91  14:27  Hydralisk x8  
  103  14:43  Queen  
  105  15:12  Hydralisk x4  
  113  15:30  Hatchery  
  113  15:33  Hatchery  
  111  15:57  Hydralisk  
  111  15:58  Hydralisk x5  
  123  16:21  Hydralisk x2  
  124  16:51  Hydralisk x4  
  130  16:55  Drone x11  
  130  16:56  Drone x3  
  112  17:19  Hydralisk x4  
Show
View Real Time Build Order
Export as new Build Order

LilDicky Terran - Winner!

Build Orders: Command Center First (CC), Mech 

Get SALT Encoding   

  12  0:01  SCV  
  13  0:13  SCV  
  14  0:20  Supply Depot  
  14  0:25  SCV  
  15  0:41  SCV  
  16  0:53  SCV  
  17  1:01  Command Center  
  17  1:05  SCV  
  18  1:19  Barracks  
  18  1:24  SCV  
  19  1:36  SCV  
  20  1:51  SCV  
  21  1:58  Command Center  
  21  2:04  SCV  
  21  2:06  Marine  
  23  2:09  Supply Depot  
  23  2:16  Orbital Command  
  23  2:21  Orbital Command  
  23  2:32  Marine  
  24  2:40  Refinery  
  24  2:41  Refinery  
  24  2:43  SCV  
  25  2:48  SCV  
  25  2:50  Marine  
  27  2:55  SCV  
  28  3:01  SCV  
  29  3:07  SCV  
  29  3:08  Marine  
  29  3:12  Orbital Command  
  31  3:19  Refinery x2  
  31  3:22  Command Center  
  31  3:24  SCV x2  
  33  3:33  Marine  
  34  3:36  SCV  
  34  3:40  SCV  
  34  3:41  SCV, Factory  
  37  3:48  SCV  
  38  3:51  Marine  
  38  3:52  SCV  
  38  3:53  SCV  
  41  4:01  SCV  
  42  4:05  SCV  
  43  4:10  Marine  
  44  4:19  SCV  
  44  4:21  SCV x2  
  47  4:24  Factory Tech Lab  
  47  4:26  Starport  
  47  4:28  Marine  
  48  4:31  SCV  
  48  4:33  SCV x2  
  48  4:37  Factory  
  51  4:39  Factory, Engineering Bay  
  51  4:43  SCV, Siege Tank  
  51  4:44  SCV  
  51  4:45  SCV, Liberator  
  57  4:46  Marine  
  58  5:04  SCV, Marine  
  58  5:05  SCV  
  64  5:20  Planetary Fortress  
  64  5:21  Marine  
  64  5:25  Factory Reactor x2  
  64  5:28  SCV x2  
  67  5:30  Missile Turret  
  67  5:37  Missile Turret  
  67  5:38  Missile Turret x2  
  67  5:39  SCV  
  67  5:40  Siege Tank  
  67  5:41  Missile Turret  
  71  5:47  Starport Reactor  
  71  5:48  Starport  
  71  5:49  Starport  
  63  5:58  Marine  
  64  6:07  SCV x2  
  64  6:10  SCV x2  
  68  6:16  Marine  
  69  6:19  SCV x2  
  69  6:22  SCV x2  
  69  6:24  Missile Turret  
  73  6:27  Missile Turret  
  73  6:30  Missile Turret  
  73  6:32  Starport Tech Lab x2  
  73  6:33  SCV, Missile Turret  
  73  6:39  Refinery  
  74  6:41  Missile Turret, Liberator  
  74  6:42  Missile Turret x2  
  74  6:43  Refinery  
  74  6:44  Missile Turret x2  
  74  6:45  Command Center  
  74  6:47  Supply Depot  
  74  6:50  Supply Depot, Liberator  
  74  6:52  Supply Depot  
  74  7:14  SCV  
  77  7:15  Hellion  
  77  7:16  Hellion x3  
  77  7:17  Siege Tank  
  77  7:18  Banshee x2  
  77  7:20  Cloaking Field  
  92  7:26  Armory, Fusion Core  
  92  7:27  Armory x2, SCV x3  
  95  7:31  SCV  
  96  7:39  SCV x3  
  96  7:41  Missile Turret  
  96  7:43  SCV  
  100  7:52  Supply Depot  
  100  7:53  Supply Depot  
  100  7:56  SCV x3, Liberator x2  
  100  7:57  Hellion x2  
  107  8:00  Orbital Command  
  107  8:02  SCV, Missile Turret  
  108  8:08  SCV  
  109  8:15  Banshee x2  
  109  8:18  Hyperflight Rotors  
  121  8:21  SCV x2  
  123  8:30  Supply Depot, SCV x2  
  123  8:32  Supply Depot  
  125  8:34  Supply Depot  
  125  8:37  Missile Turret  
  125  8:39  Missile Turret  
  125  8:40  SCV x3, Missile Turret  
  128  8:42  SCV  
  128  8:44  Hellion  
  128  8:47  Hellion x4  
  139  9:04  Supply Depot  
  139  9:07  Supply Depot x2  
  139  9:08  SCV  
  140  9:11  Supply Depot  
  140  9:18  Siege Tank, Widow Mine x4  
  115  10:07  Command Center  
  115  10:16  Widow Mine x5  
  125  10:27  Liberator  
  125  10:43  Banshee x2  
  125  10:44  Widow Mine  
  136  10:50  Command Center  
  135  11:00  Command Center  
  134  11:09  Liberator  
  134  11:10  SCV x2  
  134  11:11  SCV  
  137  11:15  Factory Tech Lab  
  134  11:23  Orbital Command  
  134  11:25  Missile Turret  
  134  11:26  Banshee  
  134  11:32  Missile Turret x3  
  137  11:54  Liberator x2  
  137  12:03  Planetary Fortress  
  137  12:07  Missile Turret  
  137  12:10  Starport Reactor  
  137  12:11  Missile Turret x2  
  137  12:13  Missile Turret  
  137  12:15  Missile Turret  
  143  12:17  Planetary Fortress, Missile Turret x2  
  143  12:18  Missile Turret  
  143  12:21  SCV x3  
  146  12:35  Missile Turret  
  146  12:38  Missile Turret  
  146  12:39  Refinery  
  146  12:40  Refinery  
  146  12:43  Marine  
  147  12:54  Banshee  
  147  12:55  Battlecruiser, Missile Turret  
  147  12:56  Missile Turret  
  147  12:57  Missile Turret x2  
  156  13:02  Refinery  
  156  13:04  Refinery  
  148  13:13  Advanced Ballistics  
  148  13:17  Liberator x2  
  148  13:37  Battlecruiser  
  148  13:39  Terran Vehicle And Ship Armor Level 1, Terran Ship Weapons Level 1, Terran Vehicle Weapons Level 1  
  160  13:42  Missile Turret  
  160  13:46  Missile Turret  
  158  13:56  Command Center  
  158  13:58  Command Center  
  158  13:59  Battlecruiser  
  158  14:00  Liberator x2  
  151  14:41  Banshee  
  151  14:43  Liberator x2  
  154  15:03  Banshee  
  163  15:11  Missile Turret  
  163  15:15  Missile Turret x3  
  163  15:16  Missile Turret  
  163  15:19  Starport  
  163  15:21  Starport  
  163  15:22  Planetary Fortress, Starport  
  163  15:24  Battlecruiser  
  163  15:26  Liberator x2  
  169  15:29  SCV x2, Missile Turret  
  169  15:30  SCV  
  169  15:32  Missile Turret  
  169  15:34  Missile Turret  
  172  15:39  Cyclone  
  172  15:42  Widow Mine x3  
  187  16:01  Banshee  
  190  16:05  Starport Tech Lab x2  
  190  16:11  Planetary Fortress, Cyclone  
  190  16:13  Missile Turret  
  190  16:14  Starport Tech Lab  
  190  16:15  Refinery x2, Missile Turret  
  193  16:20  Hellion x3  
  193  16:23  Missile Turret  
  193  16:24  Missile Turret  
  199  16:27  Command Center  
  199  16:28  Refinery  
  199  16:29  Refinery  
  199  16:35  Command Center  
  199  16:37  Command Center, SCV  
  199  16:39  Command Center  
Tags
 
Add a new tag
Caveats
  • Supply blocks, unpowered buildings, or Contaminate may cause inaccurate times.
  • Supply counts are checked every 10 seconds.